 Dungeon Crawl Stone Soup version 0.20.0 (webtiles) character file.

19 BarneyGumball the Insei (level 2, 0/22 HPs)
             Began as a Demigod Transmuter on June 6, 2017.
             Succumbed to an adder's poison
             ... on level 1 of the Dungeon.
             The game lasted 00:08:35 (1335 turns).

BarneyGumball the Insei (Demigod Transmuter)        Turns: 1335, Time: 00:08:35

Health: 0/22       AC:  2    Str: 13    XL:     2   Next: 39%
Magic:  7/7        EV: 12    Int: 17    God:
Gold:   66         SH:  0    Dex: 16    Spells: 3/4 levels left

rFire    + . .     SeeInvis .     - Unarmed
rCold    x . .     Gourm    .   (no shield)
rNeg     + . .     Faith    .   b - +0 robe
rPois    .         Spirit   .   (no helmet)
rElec    .         Reflect  .   (no cloak)
rCorr    .         Harm     .   (no gloves)
MR       .....                  (no boots)
Stlth    +.........             (no amulet)
Regen    0.1/turn               e - ring of positive energy
MPRegen  0.1/turn               m - ring of fire

@: lethally poisoned (0 -> -3)
A: high mp 1
a: no special abilities


You were on level 1 of the Dungeon.
You were very hungry.

You visited 1 branch of the dungeon, and saw 2 of its levels.

You collected 66 gold pieces.

Inventory:

Missiles
 a - 12 arrows
Armour
 b - a +0 robe (worn)
Jewellery
 e - a ring of positive energy (left hand)
 m - a ring of fire (right hand)
Scrolls
 h - a scroll of recharging
 k - a scroll of remove curse
Books
 c - a book of Changes

   Spells                             Type                      Level
   a - Beastly Appendage              Transmutation                1
   b - Sticks to Snakes               Transmutation                2
   c - Spider Form                    Transmutation/Poison         3
   d - Ice Form                       Ice/Transmutation            4
   e - Blade Hands                    Transmutation                5
Comestibles
 d - 2 bread rations
 f - a meat ration
 g - 5 fruits


   Skills:
 - Level 0.8 Fighting
 - Level 1.7 Dodging
 + Level 3.5 Unarmed Combat
 - Level 1.7 Spellcasting
 - Level 1.7 Transmutations


You had 3 spell levels left.
You knew the following spells:

 Your Spells              Type           Power        Failure   Level  Hunger
a - Beastly Appendage     Tmut           #.....       10%         1    #......


Dungeon Overview and Level Annotations

Branches:
Dungeon (2/15)


Innate Abilities, Weirdness & Mutations

You have an increased reservoir of magic. (+10% MP)


Message History

It is a scroll of enchant weapon.
You aren't carrying any weapons that can be enchanted.
The adder closely misses you.
As you read the scroll labeled JELOKU IPPIARU, it crumbles to dust.
It is a scroll of identify.
h - a scroll of recharging The adder closely misses you.
Unknown command.
You completely miss the adder.
The adder is heavily wounded.
The adder closely misses you.
You barely miss the adder.
The adder is heavily wounded.
The adder closely misses you. The adder bites you.
* * * LOW HITPOINT WARNING * * *
You are lethally poisoned!
The adder poisons you!
You miss the adder.
The adder is heavily wounded.
You die...

#...##(.#.# ######..######.#
#.......#.)##.####### ########
#...รท...#.##.###....######.......
#.......#)#..###.##.#....#.......
#.......#...........(............
#.......#.######s##.....##.......
#..............#S####...##.......
#........#####.#@# #...##.......
#.......S#.....#.####...##.......
#........#.###.#....#...##.......
######.#.#.....#..#.#...#........
######>......................##''
.......#...................###...
.......####....##.#....#..##.....
.......#..#S#########l#...##.....
.......#.......S..s......#######'


You could see an adder and a giant cockroach.

Vanquished Creatures
  A dart slug (D:1)
  A leopard gecko (D:1)
  2 giant cockroaches (D:1)
  2 hobgoblins (D:1)
  2 jackals (D:1)
  2 bats (D:1)
  3 frilled lizards (D:1)
  3 kobolds (D:1)
16 creatures vanquished.

Notes
Turn   | Place    | Note
-------+----------+-------------------------------------------
     0 | D:1      | BarneyGumball the Demigod Transmuter began the quest for the Orb.
     0 | D:1      | Reached XP level 1. HP: 15/15 MP: 5/5
   260 | D:1      | Reached skill level 3 in Unarmed Combat
   801 | D:1      | Reached XP level 2. HP: 22/22 MP: 7/7
  1334 | D:1      | HP: 1/22 [adder (3)]
  1335 | D:1      | Succumbed to an adder's poison

Skill      XL: |  1 |
---------------+----+-----
Unarmed Combat | 3 |  3.5
Fighting       | |  0.8
Dodging        | |  1.7
Spellcasting   | |  1.7
Transmutations | |  1.7

Action                   || total
-------------------------++-------
Melee: Unarmed           ||    71
       Headbutt          ||     4
       Kick              ||     5
       Punch             ||     1
 Cast: Beastly Appendage ||     8
  Use: Scroll            ||     3
       Potion            ||     1
Armor: Robe              ||    12
Dodge: Dodged            ||    46
